Map: Cañón atribulado

Players

PandaKun - Winner!

  • Race: Zerg Zerg
  • Spawn Location: 6:00

pheonix - Winner!

  • Race: Protoss Protoss
  • Spawn Location: 6:00

jason - Winner!

  • Race: Protoss Protoss
  • Spawn Location: 7:00

MrFercho

  • Race: Zerg Zerg
  • League: Silver
  • Spawn Location: 12:00

TATORREA

  • Race: Protoss Protoss
  • League: Silver
  • Spawn Location: 12:00

tigro

  • Race: Terran Terran
  • League: Bronze
  • Spawn Location: 3:00

VOD

Have the link to the VOD?

Description

Time

  • Played on: June 12, 2020, 8:27 p.m.
  • Length: 18:47
Show
View Real Time Build Order
Export as new Build Order

PandaKun Zerg - Winner!

Build Orders: Hatch First 

Get SALT Encoding   

  12  0:01  Drone  
  13  0:12  Overlord  
  13  0:19  Drone  
  14  0:33  Drone x2  
  16  0:40  Drone  
  17  0:55  Hatchery  
  17  0:56  Drone  
  17  1:04  Drone  
  17  1:05  Extractor  
  17  1:20  Spawning Pool  
  17  1:22  Drone  
  17  1:31  Drone x2  
  20  1:47  Drone  
  20  1:51  Overlord  
  20  2:00  Drone  
  21  2:07  Queen  
  21  2:08  Queen  
  23  2:10  Drone  
  26  2:24  Drone x2  
  26  2:25  Drone  
  26  2:29  Metabolic Boost  
  29  2:36  Zergling x4  
  31  2:50  Drone  
  31  2:51  Drone x2  
  34  2:54  Overlord  
  35  3:05  Drone x2  
  36  3:12  Lair  
  36  3:13  Hatchery  
  35  3:22  Drone x3  
  35  3:23  Drone  
  35  3:24  Overlord  
  39  3:34  Queen  
  39  3:40  Drone  
  39  3:41  Drone x2  
  44  3:47  Extractor  
  43  3:50  Zergling x6  
  46  3:58  Evolution Chamber  
  46  4:01  Evolution Chamber  
  44  4:05  Zergling x6  
  44  4:06  Zergling x6  
  50  4:10  Drone  
  51  4:22  Drone  
  52  4:29  Zerg Melee Weapons Level 1  
  52  4:30  Zerg Ground Armor Level 1  
  52  4:32  Queen  
  52  4:33  Drone  
  52  4:37  Zergling x6  
  58  4:44  Overlord x3  
  58  4:57  Spore Crawler  
  57  5:00  Spore Crawler  
  56  5:23  Spire  
  55  5:36  Zergling x2  
  55  5:37  Zergling x8  
  55  5:38  Zergling x16  
  55  5:39  Zergling x4  
  70  5:48  Drone  
  70  5:49  Extractor  
  70  5:53  Drone x2  
  70  5:54  Drone  
  58  6:34  Zerg Ground Armor Level 2, Zerg Melee Weapons Level 2  
  58  6:56  Extractor  
  58  6:57  Drone x5  
  62  7:11  Hatchery  
  61  7:26  Drone  
  61  7:27  Drone x4  
  66  7:33  Drone x3  
  66  7:34  Extractor, Drone x3  
  66  7:35  Overlord x4  
  71  7:44  Zerg Flyer Armor Level 1  
  71  7:47  Infestation Pit  
  70  7:53  Extractor, Drone  
  70  7:55  Drone x4  
  70  7:58  Zergling x2, Drone  
  76  7:59  Zergling x20  
  83  8:11  Zergling x8  
  84  8:18  Mutalisk x3  
  85  8:24  Drone  
  86  8:28  Drone x4  
  86  8:29  Drone x2  
  92  8:43  Drone  
  92  8:46  Corruptor x6  
  105  8:49  Zergling x2  
  106  8:58  Hive  
  106  9:07  Spire  
  105  9:15  Drone x2  
  107  9:17  Extractor  
  107  9:19  Extractor  
  105  9:31  Drone  
  105  9:32  Drone  
  105  9:34  Drone  
  105  9:37  Drone  
  109  9:40  Mutalisk  
  109  9:41  Mutalisk x4  
  109  9:45  Overlord x3  
  119  9:46  Overlord x2  
  114  9:55  Zergling x2  
  114  9:56  Zergling x24  
  108  10:05  Zergling x4  
  108  10:21  Greater Spire  
  108  10:23  Zerg Flyer Weapons Level 1  
  108  10:26  Corruptor x5  
  108  10:28  Zergling x14  
  125  10:45  Zergling x10  
  125  10:46  Zergling x4  
  132  11:01  Zergling x2  
  132  11:02  Zergling x18  
  126  11:06  Zergling x4  
  126  11:09  Zergling x4  
  107  11:20  Zergling x4  
  99  11:31  Mutalisk  
  99  11:32  Mutalisk x6  
  108  11:37  Zergling x2  
  108  11:46  Brood Lord  
  93  11:49  Zergling x2  
  93  11:50  Zergling x2  
  29  12:43  Zergling x6  
  12  13:57  Hatchery  
  11  14:03  Hatchery x2  
  9  15:10  Drone  
  10  15:17  Drone x2  
  12  15:31  Drone x3  
  15  15:45  Drone x4  
  19  15:52  Spawning Pool  
  19  15:53  Drone x3  
  21  16:08  Drone x3  
  24  16:16  Drone x3  
  27  16:29  Drone x3  
  30  16:40  Drone x3  
  30  16:41  Queen x2  
  30  16:42  Queen  
  39  16:50  Drone x3  
  42  17:05  Drone x3  
  42  17:06  Drone x2  
  47  17:34  Zergling x2  
  47  17:35  Zergling x16  
  56  17:52  Hatchery  
  56  17:54  Hatchery  
  54  17:58  Hatchery  
  54  18:00  Hatchery  
  54  18:01  Zergling x2  
  54  18:02  Zergling x10  
  54  18:04  Hatchery  
  57  18:13  Zergling x2  
  57  18:14  Overlord x3  
Show
View Real Time Build Order
Export as new Build Order

pheonix Protoss - Winner!

Build Orders:  

Get SALT Encoding   

  12  0:05  Probe  
  13  0:24  Pylon  
  13  0:30  Probe  
  14  0:39  Assimilator  
  14  0:43  Probe  
  15  0:55  Probe  
  16  1:02  Gateway  
  16  1:07  Probe  
  17  1:19  Probe  
  18  1:31  Probe  
  19  1:36  Forge  
  19  1:43  Probe  
  19  1:45  Pylon  
  20  1:55  Probe  
  20  1:56  Cybernetics Core  
  21  2:18  Photon Cannon  
  21  2:30  Photon Cannon  
  21  2:37  Photon Cannon  
  21  2:45  Photon Cannon  
  21  2:52  Photon Cannon  
  21  2:55  Photon Cannon  
  21  3:06  Shield Battery  
  21  3:07  Stalker  
  23  3:19  Probe  
  24  3:31  Probe  
  25  3:37  Stalker  
  27  3:43  Pylon, Probe  
  28  3:49  Pylon  
  28  4:06  Stalker  
  30  4:16  Gateway  
  30  4:30  Twilight Council  
  30  4:36  Stalker  
  32  4:59  Probe  
  33  5:06  Stalker  
  35  5:11  Assimilator, Probe  
  36  5:23  Probe  
  37  5:30  Nexus  
  37  5:35  Probe  
  38  5:36  Stalker  
  38  5:41  Stalker  
  42  5:47  Probe  
  43  5:58  Pylon  
  43  5:59  Probe  
  44  6:04  Pylon  
  44  6:06  Stalker  
  46  6:27  Assimilator  
  46  6:36  Stalker  
  44  6:48  Probe  
  43  6:54  Probe  
  43  7:00  Probe  
  45  7:04  Stargate  
  45  7:06  Stalker, Probe  
  48  7:10  Stargate  
  48  7:12  Stalker, Probe  
  51  7:18  Probe  
  52  7:24  Probe  
  53  7:30  Probe  
  53  7:34  Pylon  
  53  7:36  Stalker, Probe  
  57  7:39  Pylon  
  57  7:43  Probe  
  58  7:44  Pylon  
  58  7:51  Robotics Facility  
  58  7:57  Dark Shrine  
  58  8:06  Probe  
  58  8:11  Probe  
  60  8:18  Probe  
  61  8:24  Probe  
  62  8:30  Probe  
  63  8:36  Probe  
  64  8:43  Probe  
  64  8:45  Fleet Beacon  
  64  8:48  Probe  
  66  8:53  Robotics Bay  
  66  8:55  Probe  
  67  9:00  Probe  
  68  9:07  Probe  
  69  9:12  Probe  
  70  9:19  Probe  
  70  9:22  Assimilator  
  71  9:24  Probe  
  71  9:31  Probe  
  73  9:36  Probe  
  74  9:40  Stalker  
  74  9:43  Probe  
  74  9:44  Stalker  
  79  9:48  Probe  
  80  9:55  Probe  
  73  10:07  Probe  
  73  10:10  Stalker  
  72  10:26  Probe  
  73  10:32  Probe  
  74  10:38  Probe  
  74  10:40  Stalker  
  77  10:44  Probe  
  78  10:50  Probe  
  78  10:56  Probe  
  80  11:02  Probe  
  81  11:08  Probe  
  81  11:10  Stalker  
  84  11:14  Probe  
  83  11:21  Probe  
  82  11:33  Probe  
  82  11:38  Stalker  
  82  11:39  Stalker  
  85  11:45  Probe  
  88  12:08  Stalker  
  90  12:09  Stalker  
  80  12:38  Stalker  
  80  12:39  Stalker  
  80  12:43  Void Ray  
  84  13:08  Stalker  
  84  13:09  Stalker  
  72  13:37  Stalker  
  72  13:39  Stalker  
  32  14:09  Stalker  
  28  15:41  Pylon  
  28  15:47  Pylon  
  28  16:05  Gateway, Probe  
  28  16:10  Forge  
  29  16:16  Pylon  
  29  16:17  Probe  
  30  16:24  Pylon  
  30  16:29  Probe  
  31  16:41  Probe  
  31  16:44  Gateway  
  32  16:53  Probe  
  33  17:00  Cybernetics Core  
  33  17:04  Photon Cannon  
  33  17:07  Photon Cannon  
  33  17:09  Photon Cannon  
  33  17:15  Pylon  
  33  17:24  Pylon  
  33  17:41  Stalker  
  35  17:46  Stalker  
  37  17:55  Shield Battery  
  37  18:01  Robotics Facility  
  37  18:08  Stargate  
  37  18:11  Stalker  
  37  18:12  Stargate  
  39  18:16  Stalker  
  41  18:20  Stargate  
  41  18:28  Stargate  
  41  18:33  Twilight Council  
Show
View Real Time Build Order
Export as new Build Order

jason Protoss - Winner!

Build Orders: Carriers 

Get SALT Encoding   

  12  0:02  Probe  
  13  0:14  Probe  
  13  0:19  Pylon  
  14  0:31  Probe  
  15  0:41  Probe  
  15  0:49  Probe  
  17  0:58  Probe  
  18  1:04  Pylon  
  18  1:10  Probe  
  19  1:18  Assimilator  
  19  1:22  Probe  
  19  1:23  Assimilator  
  20  1:30  Probe  
  20  1:38  Probe  
  21  1:41  Nexus  
  22  1:48  Probe  
  23  2:07  Probe  
  24  2:11  Nexus  
  24  2:16  Probe  
  25  2:24  Probe  
  25  2:29  Pylon  
  26  2:33  Pylon  
  26  2:34  Probe  
  27  2:46  Probe  
  27  2:47  Assimilator  
  28  2:52  Assimilator  
  28  2:57  Pylon  
  28  2:58  Probe  
  29  3:04  Pylon, Probe  
  30  3:10  Probe  
  31  3:16  Probe  
  32  3:21  Assimilator  
  32  3:22  Probe  
  32  3:23  Probe  
  34  3:31  Probe x2  
  34  3:39  Probe  
  34  3:41  Probe  
  36  3:42  Probe  
  39  3:49  Assimilator, Probe  
  39  3:53  Probe  
  39  3:54  Probe  
  42  4:03  Gateway  
  42  4:05  Probe  
  42  4:06  Probe  
  42  4:08  Gateway  
  44  4:11  Probe  
  44  4:16  Probe  
  45  4:18  Probe  
  45  4:19  Probe  
  45  4:22  Forge  
  48  4:25  Probe  
  48  4:29  Probe  
  48  4:30  Probe  
  50  4:33  Probe  
  50  4:36  Nexus  
  52  4:41  Probe  
  52  4:42  Assimilator, Probe  
  52  4:43  Probe  
  55  4:48  Assimilator  
  55  4:50  Probe  
  55  4:53  Probe  
  55  4:56  Probe  
  55  4:59  Probe  
  59  5:08  Probe  
  59  5:11  Probe  
  61  5:20  Probe  
  62  5:23  Probe  
  63  5:31  Probe  
  63  5:32  Probe  
  65  5:39  Probe  
  65  5:44  Probe, Cybernetics Core  
  65  5:49  Probe  
  67  5:53  Pylon  
  67  5:55  Pylon  
  67  5:56  Probe  
  69  5:58  Pylon  
  69  6:01  Pylon, Probe  
  70  6:04  Pylon  
  70  6:07  Pylon  
  70  6:08  Probe  
  70  6:10  Pylon  
  71  6:13  Pylon  
  71  6:18  Pylon  
  71  6:20  Pylon  
  71  6:21  Probe  
  72  6:26  Probe, Nexus  
  72  6:28  Assimilator  
  72  6:30  Probe  
  73  6:33  Assimilator  
  73  6:35  Probe  
  73  6:38  Probe  
  75  6:43  Probe  
  76  6:47  Probe  
  76  6:52  Probe  
  78  6:58  Probe  
  80  7:03  Probe  
  80  7:04  Probe  
  80  7:07  Probe  
  82  7:15  Probe  
  83  7:16  Probe  
  83  7:22  Stargate  
  85  7:24  Stargate  
  85  7:25  Probe  
  85  7:26  Stargate  
  85  7:28  Probe  
  87  7:30  Stargate  
  87  7:32  Stargate  
  87  7:34  Stargate  
  87  7:35  Stargate  
  87  7:37  Probe  
  87  7:39  Stargate  
  87  7:41  Probe  
  87  7:43  Stargate  
  89  7:49  Twilight Council  
  89  7:52  Robotics Facility  
  89  7:57  Probe  
  89  8:01  Probe  
  91  8:05  Probe  
  91  8:09  Probe  
  93  8:13  Probe x2  
  93  8:18  Photon Cannon  
  93  8:19  Photon Cannon  
  95  8:21  Probe  
  95  8:22  Photon Cannon  
  95  8:23  Photon Cannon  
  95  8:25  Photon Cannon, Probe x2  
  95  8:26  Photon Cannon  
  98  8:30  Photon Cannon  
  98  8:33  Probe x2  
  99  8:34  Photon Cannon  
  99  8:37  Probe  
  99  8:39  Photon Cannon  
  101  8:41  Probe  
  101  8:42  Photon Cannon  
  101  8:45  Probe  
  101  8:46  Photon Cannon  
  103  8:49  Photon Cannon  
  103  8:51  Probe  
  104  8:57  Probe  
  104  8:59  Fleet Beacon  
  105  9:03  Templar Archives, Probe  
  105  9:09  Dark Shrine  
  106  9:10  Protoss Shields Level 1  
  106  9:22  Protoss Air Weapons Level 1  
  106  9:33  Nexus  
  106  9:44  Anion Pulse-Crystals  
  106  9:48  Carrier x7  
  106  9:49  Carrier x2  
  160  10:15  Assimilator  
  160  10:21  Assimilator  
  160  10:48  Unknown  
  160  10:52  Carrier x5  
  160  10:53  Carrier  
  196  11:31  Protoss Air Armor Level 1  
  196  13:43  Protoss Air Weapons Level 2  
  174  14:44  Photon Cannon  
  174  14:47  Photon Cannon  
  174  14:52  Photon Cannon  
  174  14:54  Photon Cannon  
  174  15:03  Photon Cannon  
  138  17:05  Pylon  
  132  17:09  Pylon  
  132  17:12  Pylon  
  132  17:19  Carrier x2  
  132  17:22  Pylon  
  144  17:23  Carrier  
  144  17:25  Pylon, Carrier  
  144  17:27  Carrier x2  
  144  17:28  Pylon  
  162  17:31  Pylon, Carrier  
  162  17:35  Pylon  
  168  17:39  Pylon  
  168  17:41  Carrier  
  168  17:42  Pylon  
  180  17:44  Pylon  
  180  17:52  Pylon  
  180  17:55  Pylon  
  180  17:57  Pylon  
Show
View Real Time Build Order
Export as new Build Order

MrFercho Zerg 

Build Orders: Hatch First, Roach Hydra 

Get SALT Encoding   

  12  0:01  Drone  
  13  0:30  Overlord  
  13  0:43  Drone  
  13  0:48  Drone  
  15  0:50  Hatchery  
  15  0:53  Drone  
  15  1:06  Drone x2  
  17  1:18  Drone  
  18  1:28  Extractor  
  18  1:31  Spawning Pool, Drone  
  17  1:37  Drone  
  18  1:48  Drone  
  19  1:59  Drone  
  20  2:02  Drone  
  21  2:09  Drone  
  21  2:13  Drone  
  23  2:19  Queen x2  
  23  2:20  Drone  
  28  2:28  Overlord  
  28  2:44  Overlord x2  
  28  2:45  Overlord  
  28  2:48  Drone  
  29  2:52  Drone  
  29  2:55  Drone  
  29  2:58  Lair  
  31  3:09  Extractor, Drone x2  
  32  3:14  Extractor  
  32  3:17  Drone  
  32  3:18  Drone  
  33  3:30  Hatchery  
  32  3:35  Drone x5  
  32  3:36  Drone  
  32  3:38  Drone  
  39  3:41  Drone  
  39  3:43  Drone  
  39  3:46  Drone  
  42  3:51  Drone  
  43  4:05  Drone  
  43  4:06  Drone x4  
  48  4:23  Overseer, Roach Warren  
  47  4:30  Extractor, Drone x3  
  49  4:33  Drone x2  
  49  4:38  Overlord x4  
  51  4:43  Overseer  
  51  4:47  Overseer  
  51  4:54  Drone x2  
  51  4:55  Drone x3  
  51  4:59  Queen  
  58  5:12  Infestation Pit  
  57  5:19  Evolution Chamber  
  56  5:21  Evolution Chamber  
  56  5:25  Nydus Network  
  54  5:30  Roach x4  
  54  5:31  Roach x2  
  66  5:48  Hydralisk Den  
  66  5:49  Glial Reconstitution  
  65  5:57  Zerg Ground Armor Level 1, Zerg Missile Weapons Level 1  
  65  6:10  Drone x12  
  77  6:13  Hatchery  
  76  6:31  Overlord x2  
  76  6:32  Overlord x4  
  76  6:38  Hydralisk  
  76  6:39  Hydralisk x3  
  86  6:54  Roach x8  
  100  7:17  Drone x9  
  109  7:27  Extractor  
  109  7:29  Extractor  
  107  7:31  Drone  
  107  7:32  Drone x6  
  114  7:50  Hive  
  114  7:53  Muscular Augments  
  114  7:57  Overlord x7  
  114  7:58  Overlord x5  
  114  8:23  Ravager x4  
  114  8:24  Hydralisk  
  114  8:25  Hydralisk x11  
  142  8:41  Queen  
  142  8:46  Drone x3  
  142  8:47  Drone x4  
  142  8:48  Drone x3  
  154  8:56  Extractor  
  154  9:01  Extractor  
  152  9:05  Grooved Spines  
  152  9:18  Hydralisk x15  
  152  9:21  Zerg Missile Weapons Level 2, Zerg Ground Armor Level 2  
  182  9:29  Drone  
  182  9:30  Drone x2  
  185  9:42  Hatchery  
  185  9:43  Hatchery  
  185  9:44  Hatchery  
  182  9:52  Hatchery  
  181  10:01  Lurker Den  
  180  10:11  Hydralisk  
  180  10:12  Hydralisk x9  
  200  10:22  Spire  
  199  10:53  Nydus Canal  
  199  11:30  Burrow  
  193  12:01  Hydralisk x3  
  193  12:02  Hydralisk  
  199  12:12  Pneumatized Carapace  
  199  12:14  Zerg Missile Weapons Level 3, Zerg Ground Armor Level 3  
  197  12:35  Hydralisk  
  197  12:36  Hydralisk x6  
  200  12:37  Hydralisk  
  192  12:53  Hydralisk x5  
  195  13:15  Hydralisk x4  
  200  13:54  Hydralisk  
  199  14:12  Hydralisk x2  
  199  14:24  Spore Crawler  
  198  14:26  Spore Crawler x2  
  198  14:28  Spore Crawler  
  198  14:30  Spore Crawler  
  192  14:43  Hydralisk  
  192  14:44  Hydralisk x3  
  194  15:14  Hydralisk  
  194  15:15  Hydralisk x4  
  194  15:16  Hydralisk  
  189  15:30  Hydralisk x11  
  191  15:35  Hydralisk  
  191  15:36  Hydralisk x4  
  191  15:37  Hydralisk  
  193  15:51  Hydralisk x4  
  193  15:52  Hydralisk  
  193  16:02  Hydralisk x9  
  193  16:03  Hydralisk  
  157  16:26  Hydralisk x9  
  157  16:27  Hydralisk x10  
  140  16:40  Hydralisk x7  
  140  16:46  Hydralisk x2  
  139  16:50  Hydralisk  
  139  16:51  Hydralisk x4  
  128  17:00  Hydralisk x4  
  128  17:01  Hydralisk x3  
  110  17:06  Hydralisk  
  87  17:15  Hydralisk x6  
  85  17:25  Hydralisk x6  
  71  17:32  Hydralisk x5  
  65  17:40  Hydralisk  
  59  17:50  Hydralisk x3  
  43  18:03  Hydralisk x2  
  43  18:04  Hydralisk x5  
  49  18:15  Hydralisk x5  
Show
View Real Time Build Order
Export as new Build Order

TATORREA Protoss 

Build Orders: Oracle Opening, Phoenix Opening 

Get SALT Encoding   

  12  0:01  Probe  
  13  0:17  Pylon  
  13  0:18  Probe  
  14  0:30  Probe  
  15  0:38  Gateway  
  15  0:43  Probe  
  16  0:50  Assimilator  
  16  0:56  Probe  
  17  1:08  Probe  
  18  1:20  Probe  
  19  1:29  Cybernetics Core  
  19  1:31  Gateway  
  19  1:33  Probe  
  19  1:36  Assimilator  
  20  1:45  Probe  
  21  1:50  Zealot  
  23  2:09  Pylon  
  23  2:13  Pylon  
  23  2:16  Pylon  
  23  2:18  Warp Gate  
  23  2:27  Probe  
  24  2:39  Twilight Council  
  24  2:46  Stargate  
  24  3:08  Nexus  
  24  3:12  Stalker  
  24  3:15  Zealot  
  28  3:21  Probe  
  29  3:27  Charge  
  29  3:30  Oracle  
  32  3:52  Probe  
  33  3:59  Phoenix  
  33  4:04  Probe  
  33  4:09  Stalker  
  38  4:11  Zealot  
  40  4:21  Probe x2  
  42  4:33  Probe x2  
  44  4:39  Void Ray  
  44  4:45  Probe  
  49  4:46  Probe  
  45  5:31  Void Ray  
  45  5:34  Stalker x2  
  54  5:35  Probe  
  54  5:36  Probe  
  55  5:49  Gateway  
  55  5:51  Gateway  
  55  5:53  Gateway  
  55  5:54  Probe x2  
  55  5:55  Gateway  
  57  5:58  Robotics Facility  
  57  6:05  Pylon  
  57  6:08  Blink  
  57  6:09  Pylon, Probe  
  57  6:10  Probe  
  45  6:46  Zealot x2  
  45  6:47  Zealot  
  47  6:49  Zealot  
  47  6:50  Zealot  
  47  7:02  Immortal  
  51  7:09  Void Ray  
  55  7:24  Stalker  
  55  7:25  Stalker x2  
  61  7:44  Assimilator, Probe  
  61  7:45  Probe  
  61  7:51  Assimilator  
  63  7:52  Immortal  
  63  7:55  Zealot  
  63  7:56  Zealot x4  
  75  8:14  Pylon  
  71  8:20  Pylon  
  71  8:22  Zealot x3  
  71  8:24  Pylon  
  77  8:34  Zealot x3  
  79  8:38  Immortal  
  87  8:42  Void Ray  
  91  9:01  Nexus  
  91  9:03  Pylon  
  91  9:04  Probe x2  
  91  9:07  Pylon  
  93  9:16  Probe x2  
  95  9:28  Probe  
  95  9:29  Zealot x2  
  95  9:30  Zealot x3  
  106  9:35  Zealot  
  76  10:05  Zealot x3  
  76  10:06  Zealot x3  
  74  10:19  Probe x2  
  74  10:20  Probe  
  71  10:23  Assimilator  
  71  10:26  Immortal  
  71  10:27  Assimilator  
  75  10:34  Probe x3  
  78  10:37  Zealot x2  
  82  10:45  Zealot x2  
  74  11:05  Stalker x2  
  74  11:06  Stalker x4  
  74  11:09  Probe x2  
  68  11:22  Probe x3  
  71  11:27  Void Ray  
  71  11:30  Zealot  
  71  11:31  Zealot x2  
  67  12:10  Phoenix  
  61  12:16  Zealot  
  61  12:17  Zealot x3  
  61  12:18  Zealot x2  
  73  12:32  Fleet Beacon  
  73  12:33  Robotics Bay  
  73  12:35  Phoenix  
  73  12:37  Immortal  
  73  12:53  Stalker  
  73  12:54  Stalker x4, Phoenix  
  73  12:55  Stalker  
  87  13:15  Phoenix  
  87  13:16  Immortal  
  87  13:19  Stalker  
  95  13:26  Stalker  
  85  13:30  Stalker x2  
  85  13:31  Stalker x2  
  85  13:40  Phoenix  
  6  15:32  Nexus  
  6  15:40  Nexus  
  5  16:25  Pylon  
  5  16:28  Pylon  
  5  16:31  Pylon  
  5  16:37  Pylon  
  5  16:48  Gateway  
  5  16:51  Gateway  
  5  16:54  Probe  
  5  17:00  Forge  
  6  17:06  Probe  
  7  17:18  Probe  
  8  17:30  Probe  
  9  17:43  Probe  
  10  17:55  Probe  
  11  18:03  Photon Cannon  
  11  18:05  Photon Cannon  
  11  18:07  Photon Cannon, Probe  
  11  18:08  Photon Cannon  
  11  18:10  Photon Cannon  
  11  18:12  Photon Cannon  
  12  18:19  Probe  
Show
View Real Time Build Order
Export as new Build Order

tigro Terran 

Build Orders:  

Get SALT Encoding   

  12  0:04  SCV  
  13  0:16  SCV  
  14  0:28  Supply Depot  
  14  0:32  SCV  
  15  0:38  Refinery  
  15  0:50  SCV  
  15  0:53  Barracks  
  16  1:00  Refinery  
  16  1:02  SCV  
  17  1:20  Supply Depot  
  17  1:28  SCV  
  18  1:40  SCV  
  18  1:42  Marine  
  20  1:52  SCV  
  21  2:00  Marine  
  22  2:01  Barracks  
  22  2:18  Marine  
  23  2:30  SCV  
  23  2:36  Marine  
  25  2:38  Engineering Bay  
  25  2:42  SCV  
  26  2:50  Factory  
  26  2:54  Marine, SCV  
  28  3:01  Barracks Tech Lab  
  28  3:07  Terran Infantry Weapons Level 1  
  28  3:15  Orbital Command  
  28  3:18  Barracks Tech Lab  
  28  3:36  Factory Tech Lab  
  28  3:47  Starport  
  28  4:09  Command Center  
  28  4:19  Siege Tank  
  31  4:36  Medivac  
  33  4:53  Missile Turret  
  33  5:01  Terran Infantry Armor Level 1  
  33  5:06  Combat Shield  
  33  5:23  Missile Turret, Refinery  
  33  5:26  Stimpack  
  33  5:35  Starport Tech Lab  
  33  5:41  SCV  
  34  5:46  Missile Turret  
  34  5:53  SCV  
  35  6:01  Armory  
  35  6:05  SCV  
  35  6:06  Missile Turret  
  36  6:17  SCV, Refinery  
  32  6:20  Marine  
  32  6:21  Marine  
  32  6:25  Concussive Shells  
  31  6:29  SCV  
  31  6:32  Siege Tank  
  29  6:38  Marine x2  
  29  6:55  Neosteel Armor  
  29  6:56  Marine x2  
  30  7:14  Marine x2  
  32  7:32  Marine  
  33  7:57  Command Center  
  33  8:01  Marine x2, Fusion Core  
  26  8:19  Marine x2  
  28  8:25  Siege Tank  
  31  8:29  Medivac  
  33  8:35  Hi-Sec Auto Tracking  
  33  8:37  Marine x2  
  35  8:54  Marine  
  35  8:55  Marine  
  37  8:57  Siege Tank  
  37  8:59  Medivac  
  42  9:11  Refinery  
  42  9:12  Marine x2  
  42  9:13  Planetary Fortress  
  44  9:37  Battlecruiser  
  50  9:51  SCV  
  51  10:03  SCV  
  50  10:15  SCV  
  51  10:28  SCV  
  52  10:40  SCV  
  53  10:52  SCV  
  53  10:53  Missile Turret  
  54  10:59  Weapon Refit  
  53  11:04  SCV  
  46  11:16  Missile Turret  
  34  11:38  Marine x2  
  34  11:39  Missile Turret  
  29  11:47  Thor  
  29  11:51  Medivac  
  28  11:55  Marine  
  28  11:56  Marine  
  30  12:13  Marine x2  
  26  12:31  Marine x2  
  18  12:49  Marine  
  14  13:18  Supply Depot  
Tags
 
Add a new tag
Caveats
  • Supply blocks, unpowered buildings, or Contaminate may cause inaccurate times.
  • Supply counts are checked every 10 seconds.